 Dungeon Crawl Stone Soup version 0.19.0 (webtiles) character file.

346 Magifyre the Gouger (level 6, 0/26 HPs)
             Began as a Felid Chaos Knight on Nov 11, 2016.
             Slain by a hound zombie (3 damage)
             ... on level 6 of the Dungeon.
             The game lasted 00:26:16 (7162 turns).

Magifyre the Gouger (Felid Chaos Knight)            Turns: 7162, Time: 00:26:17

Health: 0/26       AC:  3    Str:  4    XL:     6   Next: 32%
Magic:  7/7        EV: 18    Int: 14    God:    Xom [*.....]
Gold:   223        SH:  0    Dex: 17    Spells: 0 memorised, 5 levels left
                                        Lives:  0   Deaths: 2

rFire  . . .     SeeInvis +       - Unarmed
rCold  . . .     Gourm    .     (armour unavailable)
rNeg   + . .     Faith    .     (shield unavailable)
rPois  +         Spirit   .     (helmet unavailable)
rElec  .         Reflect  .     (cloak unavailable)
rCorr  .         Harm     +     (gloves unavailable)
MR     .....                    (boots unavailable)
Stlth  ++........               i - amulet of harm
                                (no ring)
                                s - ring of positive energy

@: quick
A: no armour, no weapons or thrown items, stealth, claws 1, fangs 3, rugged
brown scales 1, see invisible, carnivore 3, speed 1, frail 1, mutation
resistance 1, poison resistance, shaggy fur 2, slow metabolism 1, weak 2, sharp
paws
a: Renounce Religion


You were on level 6 of the Dungeon.
You worshipped Xom.
You were a special plaything of Xom.
You were not hungry.

You visited 1 branch of the dungeon, and saw 6 of its levels.

You collected 223 gold pieces.

Inventory:

Jewellery
 g - an uncursed amulet of rage
 i - an amulet of harm (around neck)
 s - a ring of positive energy (left paw)
Wands
 m - a wand of lightning (8/15)
 o - a wand of lightning (12/15)
 w - a wand of polymorph (17/24)
 y - a wand of digging (7/24)
Scrolls
 b - a scroll of amnesia {unknown}
 c - a scroll of noise {unknown}
 e - 9 scrolls of identify {unknown}
 h - 12 scrolls of teleportation {unknown}
 l - 4 scrolls of magic mapping {unknown}
 p - 3 scrolls of remove curse {unknown}
 t - a scroll of fog {unknown}
 v - a scroll of recharging {unknown}
 C - a scroll of blinking {unknown}
Potions
 f - a potion of haste {unknown}
 k - 2 potions of heal wounds {unknown}
 n - a potion of might {unknown}
 q - a potion of degeneration {unknown}
 r - a potion of cancellation {unknown}
 x - a potion of agility {unknown}
 A - 3 potions of curing {unknown}
Books
 B - a book of Alchemy

   Spells                             Type                      Level
   a - Sublimation of Blood           Necromancy                   2
   b - Ignite Poison                  Fire/Transmutation/Poison    3
   c - Petrify                        Transmutation/Earth          4
   d - Alistair's Intoxication        Transmutation/Poison         5
   e - Irradiate                      Conjuration/Transmutation    5
Miscellaneous
 u - a sack of spiders
Comestibles
 a - a meat ration
 d - a slice of pizza
 j - a beef jerky


   Skills:
 - Level 3.0 Fighting
 - Level 3.2 Dodging
 + Level 10.5 Unarmed Combat


You had 5 spell levels left.
You didn't know any spells.

Dungeon Overview and Level Annotations

Branches:
Dungeon (6/15)             Temple (0/1) D:4

Altars:
Fedhas
Makhleb
Nemelex Xobeh
Okawaru
Vehumet
Xom


Innate Abilities, Weirdness & Mutations

You cannot wear armour.
You are incapable of wielding weapons or throwing items.
Your paws allow you to move quietly. (Stealth)
You have sharp claws.
You have razor-sharp teeth.
You have supernaturally acute eyesight. (SInv)
You are carnivorous and can eat meat at any time.
You cover ground quickly.
You are covered in thick fur. (AC +2)
You have a slow metabolism.
Your sharp claws are effective at attacking unaware monsters.
You are partially covered in rugged brown scales. (AC +1, +3% HP)
You are frail. (-10% HP)
You are somewhat resistant to further mutation.
Your system is resistant to poisons. (rPois)
You are very weak. (Str -4)


Message History

The hound zombie closely misses you. The hound zombie misses you.
The hound zombie misses you. The hound zombie closely misses you.
The hound zombie completely misses you. The hound zombie bites you.
* * * LOW HITPOINT WARNING * * *
The hound zombie barely misses you. The hound zombie completely misses you.
The hound zombie bites you.
* * * LOW HITPOINT WARNING * * *
The hound zombie misses you. The hound zombie closely misses you.
The hound zombie misses you. The hound zombie completely misses you.
The hound zombie closely misses you. The hound zombie misses you.
The hound zombie bites you.
* * * LOW HITPOINT WARNING * * *
The hound zombie completely misses you. The hound zombie bites you.
You die... "What!?
That's it?"

############### ..
......Z@....... .
############### #..
#.# # #.# #. #.# #.
#.# .## #.# .>.
#########.###########
..O


You could see a hound zombie.

Vanquished Creatures
  Sigmund (D:2)
  2 ice beasts
  2 ogres (D:4)
  A bullfrog (D:4)
  A howler monkey (D:5)
  A crimson imp (D:3)
  A jelly (D:5)
  3 orc priests
  A bullfrog skeleton (D:4)
  2 hounds (D:3)
  2 iguanas
  Ijyb (D:2)
  An orc wizard (D:3)
  4 worker ants
  13 adders
  A gnoll (D:5)
  A shadow imp (D:6)
  An ooze (D:2)
  3 worms
  A dart slug (D:2)
  5 leopard geckos
  6 orcs
  A giant cockroach (D:1)
  8 goblins
  8 hobgoblins
  8 jackals (D:3)
  6 kobolds
  A quokka (D:4)
  A ball python (D:3)
  10 bats
  A frilled lizard (D:3)
  4 rats
102 creatures vanquished.

Vanquished Creatures (collateral kills)
  An orc wizard (D:3)
  2 orcs (D:3)
3 creatures vanquished.

Grand Total: 105 creatures vanquished

Notes
Turn   | Place    | Note
-------+----------+-------------------------------------------
     0 | D:1      | Magifyre the Felid Chaos Knight began the quest for the Orb.
     0 | D:1      | Reached XP level 1. HP: 10/10 MP: 2/2
   181 | D:1      | XOM: divination: magic mapping
   309 | D:1      | XOM: harmless Pois miscast
   620 | D:1      | Reached XP level 2. HP: 14/14 MP: 3/3
   738 | D:1      | XOM is BORED!
  1088 | D:2      | Reached skill level 4 in Unarmed Combat
  1088 | D:2      | XOM: butterfly on damage
  1136 | D:2      | Found a radiant altar of Vehumet.
  1136 | D:2      | XOM: 6-stop teleportation journey
  1303 | D:2      | Reached XP level 3. HP: 17/17 MP: 4/4
  1679 | D:2      | Noticed Sigmund
  1683 | D:2      | XOM: cast spell 'Confusing Touch'
  1689 | D:2      | Killed Sigmund
  1689 | D:2      | Reached skill level 6 in Unarmed Combat
  1689 | D:2      | Reached XP level 4. HP: 15/21 MP: 5/5
  1689 | D:2      | Reached XP level 5. HP: 17/24 MP: 6/6
  1859 | D:2      | Noticed Ijyb
  1864 | D:2      | XOM: enchant monster (good)
  1866 | D:2      | Killed Ijyb
  2150 | D:3      | Gained mutation: You are covered in thick fur. (AC +2) [Felid growth]
  2150 | D:3      | Reached XP level 6. HP: 15/28 MP: 7/7
  2352 | D:3      | Reached skill level 7 in Unarmed Combat
  2600 | D:3      | XOM: divination: detect items
  2858 | D:3      | XOM: mild Tloc miscast
  2859 | D:3      | Noticed a spatial vortex
  3026 | D:3      | Found a burning altar of Makhleb.
  3215 | D:4      | XOM: summons friendly quasit
  3249 | D:3      | XOM: harmless Divn miscast
  3343 | D:4      | Reached skill level 8 in Unarmed Combat
  3343 | D:4      | Reached XP level 7. HP: 24/31 MP: 8/8
  3347 | D:4      | XOM: confuse monster(s)
  3680 | D:4      | Found a staircase to the Ecumenical Temple.
  3745 | D:4      | XOM: divination: magic mapping
  3977 | D:4      | Reached skill level 9 in Unarmed Combat
  3979 | D:4      | XOM: summons 2 hostile demons
  4249 | D:4      | Found a radiant altar of Vehumet.
  4668 | D:5      | Entered Level 5 of the Dungeon
  4752 | D:5      | XOM: mild Conj miscast
  4785 | D:5      | XOM is BORED!
  5002 | D:5      | Found a blossoming altar of Fedhas.
  5006 | D:5      | Found a sparkling altar of Nemelex Xobeh.
  5301 | D:5      | XOM: stat loss: -1 Str (7/8)
  5307 | D:4      | Reached XP level 8. HP: 24/34 MP: 9/9
  5429 | D:5      | Found a sparkling altar of Nemelex Xobeh.
  5558 | D:5      | Found an iron altar of Okawaru.
  5652 | D:5      | XOM: scenery: create altars
  5696 | D:5      | XOM: god gift: paperback book {god gift}
  5793 | D:5      | Reached skill level 10 in Unarmed Combat
  5865 | D:5      | XOM: give mutations
  5865 | D:5      | Gained mutation: You are partially covered in rugged brown scales. (AC +1, +3% HP) [Xom's grace]
  5865 | D:5      | Gained mutation: Your system is resistant to poisons. (rPois) [Xom's grace]
  5985 | D:6      | XOM: give mutations
  5985 | D:6      | Gained mutation: You are weak. (Str -2) [Xom's mischief]
  5985 | D:6      | Gained mutation: You are somewhat resistant to further mutation. [Xom's mischief]
  5985 | D:6      | Gained mutation: You are partially covered in iridescent scales. (AC +2) [Xom's mischief]
  6011 | D:6      | Found an iron altar of Okawaru.
  6175 | D:6      | Noticed a troll
  6217 | D:6      | XOM: mild Ice miscast
  6562 | D:6      | XOM is BORED!
  6562 | D:6      | XOM: medium Fire miscast
  6562 | D:6      | Killed by the capriciousness of Xom
  6563 | D:6      | Reached XP level 7. HP: 29/31 MP: 8/8
  6660 | D:6      | Slain by an orc warrior
  6661 | D:6      | Reached XP level 6. HP: -4/28 MP: 7/7
  6832 | D:6      | XOM: harmless Chrm miscast
  6994 | D:6      | XOM: give mutations
  6994 | D:6      | Gained mutation: You are frail. (-10% HP) [Xom's mischief]
  6994 | D:6      | Gained mutation: You are very weak. (Str -4) [Xom's mischief]
  6994 | D:6      | Lost mutation: You are partially covered in iridescent scales. (AC +2) [Xom's mischief]
  7099 | D:6      | XOM: noise
  7162 | D:6      | Slain by a hound zombie

Skill      XL: |  1  2  3  4  5  6  7  8 |
---------------+-------------------------+-----
Unarmed Combat | 4 6 8 9 10 | 10.5
Fighting       | |  3.0
Dodging        | |  3.2

Action                   |  1- 3 |  4- 6 |  7- 9 || total
-------------------------+-------+-------+-------++-------
Melee: Unarmed           |    76 |   110 |   138 ||   324
       Bite              |     6 |    10 |     7 ||    23
       Punch             |     1 |     3 |     3 ||     7
 Stab: Sleeping          |     9 |     2 |     3 ||    14
       Confused          |     2 |       |       ||     2
       Petrifying        |       |     1 |       ||     1
  Eat: Chunk             |     9 |     3 |     6 ||    18
Armor: Skin              |     5 |    14 |     8 ||    27
Dodge: Dodged            |    43 |   127 |   107 ||   277
